 Dungeon Crawl Stone Soup version 0.25.1-2-g60ff931df9 (webtiles) character file.

Game seed: 5102378909907066515

23 graki42 the Insei (level 3, 23/23 HPs)
             Began as an Octopode Transmuter on Sept 7, 2020.
             Quit the game on level 1 of the Dungeon.
             The game lasted 00:01:53 (549 turns).

graki42 the Insei (Octopode Transmuter)              Turns: 549, Time: 00:01:53

Health: 23/23      AC:  1    Str:  9    XL:     3   Next: 0%
Magic:  4/6        EV: 13    Int: 15    God:
Gold:   12         SH:  0    Dex: 13    Spells: 5/6 levels left

rFire    . . .     SeeInvis .     - Unarmed
rCold    . . .     Gourm    .   (no shield)
rNeg     . . .     Faith    .   (helmet restricted)
rPois    .         Spirit   .   b - amulet of regeneration
rElec    .         Reflect  .   (no ring)
rCorr    .         Harm     .   (no ring)
MR       .....                  (no ring)
Stlth    ++........             (no ring)
HPRegen  0.47/turn              (no ring)
MPRegen  0.10/turn              (no ring)
                                (no ring)
                                (no ring)

@: appendage
A: almost no armour, stealthy swim, amphibious, 8 rings, constrict 8, tentacle
spike 3, camouflage 1, gelatinous body 1
a: End Transformation


You were on level 1 of the Dungeon.
You were not hungry.
One of your tentacles had a temporary spike.
You visited 1 branch of the dungeon, and saw 1 of its levels.

You collected 12 gold pieces.

Inventory:

Missiles
 a - 35 arrows
Jewellery
 b - an amulet of regeneration (around mantle)
Scrolls
 h - a scroll of blinking {unknown}
 i - a scroll of remove curse {unknown}
Potions
 e - a potion of flight {unknown}
 f - a potion of mutation {unknown}
 g - a potion of curing {unknown}
Comestibles
 c - 3 rations
 d - 5 chunks of flesh


   Skills:
 + Level 1.4 Fighting
 + Level 2.3 Dodging
 + Level 3.2 Unarmed Combat
 + Level 2.2 Spellcasting
 + Level 2.3 Transmutations


You had 5 spell levels left.
You knew the following spells:

 Your Spells              Type           Power        Failure   Level  Hunger
a - Beastly Appendage     Tmut           #.....       9%          1    #......

Your spell library contained the following spells:

 Spells                   Type           Power        Failure   Level  Hunger
 Sticks to Snakes         Tmut           #.......     13%         2    ###....
 Spider Form              Tmut/Pois      #.........   38%         3    ###....
 Ice Form                 Ice/Tmut       #.......     80%         4    #####..
 Blade Hands              Tmut           #.........   93%         5    ######.


Dungeon Overview and Level Annotations

Branches:
Dungeon (1/15)

Altars:


Innate Abilities, Weirdness & Mutations

You cannot wear most types of armour.
You are very stealthy in the water. (Stealth+)
You are amphibious.
You can wear up to eight rings at the same time.
You can use your tentacles to constrict eight enemies at once.
Your skin changes colour to match your surroundings (Stealth+).
Your rubbery body absorbs attacks. (AC +1, EV +1)
One of your tentacles bears a large vicious spike.


Message History

There is an open door here.
i - a scroll labeled WOB XOARED UGOPP You open the door.
There is an open door here.
c - 3 rations (gained 1)
A bat comes into view.
Casting: Beastly Appendage (safe; 9% risk of failure)
Confirm with . or Enter, or press ? or * to list all spells.
One of your tentacles grows a vicious spike.
The helpless bat fails to defend itself.
You bludgeon the bat!
You kill the bat!
You have reached level 3!
Your experience leads to an increase in your attributes!
Increase (S)trength, (I)ntelligence, or (D)exterity?
You feel agile.
Okay, then.
Are you sure you want to abandon this character and quit the game? (Confirm with "yes".)
Okay, then.
Are you sure you want to abandon this character and quit the game? (Confirm with "yes".)

#.# #.# #.#
#.# #.# #.#
#.#####
#.....#
#####@# #.#
#############
#.#
##...........#
#.#
.#.#########.#
#.#
.#..)#######.#
#.#
...#.##....#.#
#.#
)..#.##.##.#.#
#.#
.###.##.#...)#


There were no monsters in sight!

Vanquished Creatures
  An ooze (D:1)
  A dart slug (D:1)
  2 giant cockroaches (D:1)
  3 goblins (D:1)
  2 hobgoblins (D:1)
  4 kobolds (D:1)
  2 bats (D:1)
15 creatures vanquished.

Notes
Turn   | Place    | Note
-------+----------+-------------------------------------------
     0 | D:1      | graki42 the Octopode Transmuter began the quest for the
                  | Orb.
     0 | D:1      | Reached XP level 1. HP: 13/13 MP: 3/3
   171 | D:1      | Reached XP level 2. HP: 16/18 MP: 3/5
   548 | D:1      | Reached XP level 3. HP: 23/23 MP: 4/6
   549 | D:1      | Quit the game

Illustrated notes

Levels and vault maps discovered:
D:1:      dpeg_arrival_ternary, layout_basic

Action                   || total
-------------------------++-------
Melee: Unarmed           ||    31
       Kick              ||     8
       Constrict         ||     6
       Tentacles         ||     4
 Cast: Beastly Appendage ||    13
 Stab: Sleeping          ||     4
Armor: Skin              ||     3
Dodge: Dodged            ||    13
